AoeStats
← jphilkill

Black Forest

510270778Analyzed
4v4 RM · 3d ago on Sep 30, 2026· 17m 29s· 8 players
Game mode
Random Map
Map size
Large (8 player)
Population
200
Speed
Normal
Resources
Standard
Victory
Conquest
Starting age
Dark Age
Ending age
Imperial Age
RankedLock teamsTeams togetherTeam positionsShared explorationLock speedFull tech treeHidden civsTurbo modeCheats
Victory
Defeat
🇻🇳 Bohemians · Vietnam
979
+14
🇻🇳 Franks · Vietnam
976
+14
🇳🇿 Bulgarians · New Zealand
914
+16
🇨🇳 Mongols · China
907
+17
🇩🇪 Celts · Germany
950
-16
🇹🇷 Britons · Türkiye
938
-16
🇱🇻 Huns · Latvia
926
-15
🇫🇷 Franks · France
894
-14
ryioze
3:18 Loom
13:40 Feudal Age
14:05 Double-Bit Axe
18:58 Castle Age
jphilkill
1:47 Loom
11:31 Feudal Age
17:17 Castle Age
xelar
11:25 Feudal Age
13:16 Double-Bit Axe
14:36 Town Watch
17:13 Castle Age
c190
0:28 Loom
16:21 Feudal Age
BattleCrap
11:14 Feudal Age
11:43 Arson
12:18 Loom
13:54 Double-Bit Axe
16:37 Fletching
16:58 Forging
16:48 Scale Mail Armor
蒙式战车
10:53 Feudal Age
15:19 Castle Age
16:44 Pikeman
Đại Việt 2026
1:07 Loom
13:47 Feudal Age
17:35 Castle Age
15:50 Double-Bit Axe
Tào Tháo
0:30 Loom
13:40 Feudal Age
14:40 Double-Bit Axe
14:36 Horse Collar
Connection lost

Rejoining the realm…

Still unreachable

The connection could not be restored.

Session expired

The server has moved on; the page needs a fresh start.